AoeStats
← RDA Ronan

African Clearing

506556162Analyzed
4v4 RM · 18d ago on Sep 14, 2026· 39m 25s· 8 players
Game mode
Random Map
Map size
Large (8 player)
Population
200
Speed
Normal
Resources
Standard
Victory
Conquest
Starting age
Dark Age
Ending age
Imperial Age
RankedLock teamsTeams togetherTeam positionsShared explorationLock speedFull tech treeHidden civsTurbo modeCheats
Victory
Defeat
🇦🇷 Slavs · Argentina
1346
+12
🇦🇷 Poles · Argentina
1284
+14
🇦🇷 Sicilians · Argentina
1275
+14
🇦🇷 Inca · Argentina
1233
+16
🇵🇪 Mongols · Peru
1276
-15
🇨🇴 Vietnamese · Colombia
1245
-14
🇨🇱 Gurjaras · Chile
1228
-14
🇮🇱 Magyars · Israel
1225
-13
Warriorz Lvl
13:21 Feudal Age
19:49 Castle Age
21:48 Gold Mining
jona_vte_94
6:06 Loom
12:37 Feudal Age
16:33 Bloodlines
17:05 Town Watch
18:28 Wheelbarrow
24:40 Castle Age
22:56 Double-Bit Axe
23:20 Horse Collar
25:15 Fletching
26:13 Bodkin Arrow
28:09 Town Patrol
29:16 Light Cavalry
30:08 Gold Mining
34:02 Pikeman
35:07 Padded Archer Armor
38:00 Leather Archer Armor
38:24 Hand Cart
RoroAPC
3:51 Loom
15:03 Feudal Age
16:23 Double-Bit Axe
18:56 Castle Age
17:46 Forging
20:22 Scale Mail Armor
24:21 Bloodlines
27:03 Husbandry
30:29 Scale Barding Armor
31:52 Iron Casting
35:36 Chain Barding Armor
37:07 Fletching
38:42 Wheelbarrow
Mike
3:53 Loom
13:22 Feudal Age
13:50 Double-Bit Axe
13:47 Horse Collar
23:04 Castle Age
25:04 Scale Barding Armor
34:19 Chain Barding Armor
36:30 Bloodlines
RDA | Damiii el TORO
3:07 Loom
13:22 Feudal Age
22:35 Castle Age
21:52 Bloodlines
22:21 Double-Bit Axe
28:50 Scale Barding Armor
29:27 Szlachta Privileges
30:38 Fletching
Gianncrack
4:17 Loom
14:11 Feudal Age
18:41 Castle Age
17:41 Double-Bit Axe
26:09 Forging
26:05 Scale Barding Armor
OPI Sonet
8:45 Loom
13:06 Feudal Age
17:14 Castle Age
15:46 Double-Bit Axe
16:48 Gold Mining
17:08 Horse Collar
19:18 Bow Saw
24:19 Bloodlines
25:04 Scale Barding Armor
26:12 Husbandry
27:22 Chain Barding Armor
28:59 Forging
30:33 Wheelbarrow
30:17 Town Watch
32:00 Iron Casting
34:29 Light Cavalry
37:06 Fletching
RDA Ronan
5:45 Loom
13:09 Feudal Age
14:29 Town Watch
17:13 Castle Age
22:36 Double-Bit Axe
25:17 Bow Saw
24:57 Gold Mining
25:31 Horse Collar
26:55 Gold Mining
28:09 Heavy Plow
30:18 Wheelbarrow
30:15 Town Patrol
30:16 Stone Mining
35:40 Imperial Age
33:58 Coinage
33:49 Scale Mail Armor
34:02 Squires
33:23 Champi Runner
33:51 Arson
34:18 Forging
34:44 Champi Warrior
35:41 Chain Mail Armor
36:28 Iron Casting
36:06 Elite Champi Warrior
37:24 Conscription
38:02 Fabric Shields
39:28 Plate Mail Armor
Connection lost

Rejoining the realm…

Still unreachable

The connection could not be restored.

Session expired

The server has moved on; the page needs a fresh start.